Map: 波尔卡-天梯版

Players

传说中勇者的传说

  • Race: Terran Terran

Ray

  • Race: Zerg Zerg

Esmeralde - Winner!

  • Race: Terran Terran

Jimmy - Winner!

  • Race: Protoss Protoss

VOD

Have the link to the VOD?

Description

Time

  • Played on: Feb. 23, 2021, 2:24 a.m.
  • Length: 14:59
Show
View Real Time Build Order
Export as new Build Order

传说中勇者的传说 Terran 

Build Orders:  

Get SALT Encoding   

  12  0:00  SCV  
  13  0:24  Supply Depot  
  13  0:26  SCV  
  14  0:38  SCV  
  15  0:49  Barracks  
  15  0:53  SCV  
  16  0:58  Refinery  
  16  1:05  SCV  
  17  1:17  SCV  
  18  1:29  SCV  
  18  1:32  Refinery  
  19  1:44  Barracks Reactor  
  19  1:48  Command Center  
  19  1:52  Supply Depot  
  19  1:59  SCV  
  20  2:12  Orbital Command  
  20  2:21  Marine x2  
  22  2:27  Factory  
  22  2:38  SCV  
  23  2:50  Marine x2, SCV  
  26  3:02  Barracks  
  26  3:07  SCV  
  26  3:12  SCV  
  28  3:19  SCV  
  29  3:25  Starport  
  29  3:27  Factory Reactor  
  29  3:29  Marine  
  29  3:31  SCV  
  29  3:32  Marine  
  32  3:43  SCV  
  33  3:50  Marine x2  
  33  3:53  Barracks Tech Lab  
  35  3:55  SCV  
  36  4:03  Supply Depot  
  36  4:12  Marine x2  
  36  4:15  Factory Tech Lab  
  38  4:18  Medivac x2  
  38  4:20  Combat Shield  
  38  4:23  Marine  
  43  4:30  Marine x2  
  45  4:38  SCV  
  46  4:42  Engineering Bay  
  46  4:44  Engineering Bay  
  46  4:46  Refinery  
  46  4:50  SCV  
  46  4:52  Refinery  
  47  4:57  Orbital Command  
  47  5:12  Marine x3  
  50  5:29  Marine  
  51  5:38  Supply Depot  
  51  5:39  Stimpack  
  51  5:46  Siege Tank  
  54  5:53  Supply Depot  
  54  6:04  Terran Infantry Weapons Level 1  
  46  6:19  Siege Tank  
  44  7:03  Orbital Command  
  39  7:16  Missile Turret  
  39  7:23  Marine x2  
  41  7:31  Neosteel Armor  
  41  7:43  Siege Tank  
  39  7:56  Marine x2  
  41  7:58  Terran Infantry Armor Level 1  
  41  8:01  Marine  
  41  8:04  SCV  
  43  8:07  SCV  
  44  8:13  Marine  
  44  8:14  Marine  
  44  8:15  Siege Tank  
  44  8:16  SCV  
  44  8:19  Marine, SCV  
  52  8:28  SCV, Barracks  
  52  8:31  Marine x2, SCV  
  56  8:37  Marine  
  56  8:40  SCV  
  58  8:49  Marine x2  
  58  8:52  SCV  
  58  8:54  Marine  
  42  9:34  Marine x3  
  34  9:52  Marine x3  
  27  10:10  Marine x2  
  27  10:13  Siege Tank  
  29  10:14  Marine  
  29  10:17  SCV  
  31  10:25  Starport Reactor  
  31  10:28  Marine x2  
  32  10:29  SCV  
  32  10:32  Marine  
  32  10:45  Marine  
  32  10:46  Marine  
  32  10:49  Marine  
  34  10:53  SCV  
  36  11:03  Marine  
  37  11:05  SCV  
  37  11:07  Marine x2  
  40  11:17  Siege Tank, SCV  
  44  11:21  Marine  
  45  11:29  SCV  
  45  11:32  Refinery  
  46  11:41  SCV  
  47  11:53  SCV  
  48  12:05  SCV  
  49  12:17  SCV  
  50  12:33  SCV  
  51  12:39  Marine x2  
  51  12:42  Viking  
  55  12:45  SCV  
  55  12:47  Viking  
  56  13:02  Marine x2  
  59  13:06  Barracks Reactor  
  43  13:39  Marine  
  43  13:40  Marine x2  
  46  13:44  Siege Tank  
  46  13:47  Marine x2  
  51  13:57  Marine x3  
  52  14:04  Marine  
  52  14:05  Marine  
  40  14:15  Marine  
  40  14:16  Siege Tank, Marine x2  
  42  14:22  Marine x2  
Show
View Real Time Build Order
Export as new Build Order

Ray Zerg 

Build Orders: Pool First 

Get SALT Encoding   

  12  0:00  Drone  
  13  0:08  Drone  
  14  0:16  Overlord  
  14  0:34  Spawning Pool  
  13  0:40  Drone x2  
  15  0:45  Drone  
  16  0:51  Drone  
  17  1:02  Drone  
  18  1:06  Extractor  
  17  1:13  Drone  
  18  1:24  Drone  
  19  1:32  Queen  
  19  1:36  Hatchery, Drone  
  21  1:45  Drone  
  22  1:55  Overlord  
  22  2:11  Overlord  
  22  2:13  Queen  
  24  2:17  Drone  
  25  2:27  Drone  
  26  2:43  Drone x4  
  30  2:47  Baneling Nest  
  30  2:48  Drone  
  30  2:50  Metabolic Boost  
  30  2:56  Zergling x2  
  31  3:04  Zergling x4  
  33  3:11  Zergling x4  
  33  3:12  Zergling x4  
  37  3:15  Overlord  
  37  3:22  Zergling x2  
  38  3:27  Zergling x2  
  38  3:32  Zergling x2  
  40  3:38  Zergling x2  
  40  3:40  Zergling x2  
  42  3:42  Zergling x4  
  42  3:43  Zergling x2  
  42  3:48  Lair  
  45  3:49  Zergling x6  
  48  3:56  Zergling x4  
  50  4:04  Zergling x2  
  51  4:20  Drone  
  51  4:21  Overlord x2  
  51  4:22  Overlord  
  52  4:28  Roach Warren  
  50  4:45  Baneling  
  50  4:46  Baneling  
  50  4:48  Baneling  
  50  4:49  Baneling x2  
  50  4:50  Baneling  
  50  5:01  Extractor  
  50  5:02  Extractor, Drone  
  50  5:03  Drone x3  
  50  5:04  Extractor, Drone x8  
  54  5:23  Baneling x2  
  54  5:24  Baneling  
  54  5:25  Baneling  
  54  5:26  Baneling x2  
  54  5:28  Roach x2, Drone x3  
  59  5:29  Drone x4  
  65  5:36  Drone  
  65  5:39  Queen  
  68  5:43  Glial Reconstitution  
  68  5:50  Drone x3  
  71  6:05  Hatchery  
  59  6:20  Roach  
  59  6:21  Roach x6  
  61  6:52  Roach x5  
  67  6:57  Roach x2  
  61  7:11  Roach  
  61  7:12  Queen  
  61  7:13  Queen  
  61  7:15  Drone x3  
  70  7:16  Drone x2  
  70  7:17  Drone  
  73  7:27  Drone  
  66  7:38  Hydralisk Den  
  65  7:45  Drone x3  
  65  7:46  Drone x6  
  65  7:47  Drone x2  
  76  7:58  Hydralisk Den  
  75  8:02  Evolution Chamber  
  75  8:03  Evolution Chamber, Roach x3  
  75  8:05  Zergling x2  
  80  8:06  Queen  
  82  8:23  Overlord x5  
  76  8:39  Roach  
  76  8:40  Roach x2  
  82  8:45  Spine Crawler  
  82  8:46  Spine Crawler  
  64  8:56  Roach x9  
  73  9:08  Spine Crawler  
  73  9:09  Spine Crawler  
  65  9:12  Spine Crawler  
  65  9:13  Muscular Augments  
  65  9:14  Spine Crawler  
  65  9:15  Spine Crawler  
  56  9:19  Roach x2  
  56  9:22  Roach  
  56  9:23  Roach x9  
  76  9:37  Roach  
  76  9:38  Roach x2  
  76  9:59  Roach  
  78  10:00  Roach x7  
  78  10:04  Queen  
  78  10:06  Queen  
  96  10:27  Roach  
  98  10:29  Overlord x3  
  98  10:49  Drone x8  
  106  10:51  Roach  
  106  10:52  Roach x2  
  112  10:59  Drone  
  111  11:27  Roach x2  
  111  11:28  Roach x3  
  121  11:32  Overlord  
  121  11:33  Overlord x3  
  121  11:41  Pneumatized Carapace  
  121  11:46  Extractor  
  120  11:47  Hydralisk x2  
  120  11:48  Hatchery, Extractor  
  120  11:50  Overlord x2  
  120  11:52  Overseer  
  118  11:58  Overseer  
  118  12:18  Hydralisk x2  
  118  12:19  Hydralisk x5  
  132  12:24  Drone x2  
  132  12:27  Drone  
  132  12:28  Drone  
  136  12:37  Grooved Spines  
  136  12:42  Evolution Chamber, Zerg Missile Weapons Level 1  
  135  12:49  Zerg Ground Armor Level 1  
  55  13:27  Roach  
  55  13:28  Roach x11  
  55  13:30  Zergling x4  
  59  13:43  Spine Crawler  
  59  13:45  Drone x2  
  59  13:47  Drone  
  34  14:06  Zergling x10  
  25  14:12  Drone  
  23  14:27  Baneling  
  23  14:28  Baneling x3  
Show
View Real Time Build Order
Export as new Build Order

Esmeralde Terran - Winner!

Build Orders: Reaper Expand 

Get SALT Encoding   

  12  0:02  SCV  
  13  0:15  SCV  
  13  0:19  Supply Depot  
  14  0:28  SCV  
  15  0:43  Barracks  
  15  0:46  SCV  
  15  0:48  Refinery  
  16  0:58  SCV  
  17  1:10  SCV  
  18  1:22  SCV  
  18  1:23  Refinery  
  19  1:35  Barracks Reactor  
  19  1:38  Orbital Command, Supply Depot  
  19  2:16  Command Center  
  19  2:17  Reaper x2  
  21  2:23  Factory  
  21  2:24  SCV  
  22  2:40  SCV  
  23  2:47  Engineering Bay  
  23  2:52  SCV  
  24  3:08  Factory Tech Lab  
  24  3:11  Barracks  
  24  3:14  Terran Infantry Weapons Level 1  
  24  3:16  Engineering Bay  
  24  3:18  SCV  
  25  3:30  SCV  
  26  3:42  Terran Infantry Armor Level 1  
  26  3:45  Supply Depot  
  26  3:55  SCV  
  27  3:58  SCV  
  28  4:07  SCV  
  29  4:10  SCV  
  28  4:17  Hellion  
  28  4:18  Hellion  
  28  4:19  SCV  
  28  4:22  SCV  
  34  4:29  Barracks  
  34  4:30  Barracks Reactor  
  34  4:34  SCV  
  35  4:39  Hellion x2  
  35  4:40  Armory  
  39  4:54  SCV  
  39  4:55  SCV  
  39  4:57  Refinery  
  41  5:02  Stimpack  
  41  5:06  SCV  
  42  5:07  SCV  
  42  5:10  Widow Mine x2  
  47  5:16  Barracks Reactor  
  47  5:19  SCV  
  47  5:20  SCV  
  49  5:23  Hellion x4  
  49  5:30  Refinery  
  49  5:31  SCV  
  50  5:43  SCV  
  50  5:47  Terran Infantry Weapons Level 2  
  50  5:48  Terran Infantry Armor Level 2  
  51  5:51  Starport  
  51  5:55  Marine  
  51  5:56  Marine x2  
  54  6:02  Supply Depot  
  54  6:05  Marine x2  
  54  6:06  Orbital Command  
  56  6:13  Marine  
  57  6:33  Hellion x2  
  57  6:35  Marine x4  
  65  6:40  Marauder  
  65  6:44  Supply Depot  
  67  6:47  Starport Reactor  
  67  6:49  Supply Depot  
  67  6:52  Marine  
  67  6:53  Marine  
  69  6:56  SCV  
  70  7:06  Reaper  
  70  7:08  SCV  
  72  7:09  Supply Depot  
  72  7:10  Supply Depot  
  72  7:21  Marine x2  
  72  7:22  Marine x2  
  76  7:25  Widow Mine  
  76  7:26  Widow Mine  
  76  7:28  Medivac  
  76  7:29  Medivac  
  84  7:35  Supply Depot x2  
  84  7:39  Marine x2  
  84  7:40  Marine x2  
  88  8:25  Supply Depot  
  84  8:46  Barracks Reactor  
  84  8:47  Widow Mine x2  
  88  8:52  Supply Depot  
  88  9:23  Terran Infantry Weapons Level 3, Terran Infantry Armor Level 3  
  55  9:54  Supply Depot  
  55  10:02  Command Center  
  55  10:03  Medivac x2  
  59  10:07  Marine  
  59  10:08  Marine x5  
  65  10:23  Terran Vehicle Weapons Level 1  
  65  10:25  Marine x2  
  65  10:26  Marine x3  
  65  10:27  Siege Tank  
  73  10:29  Drilling Claws  
  74  10:50  SCV  
  74  10:52  Marine x5  
  74  10:53  Marine  
  80  11:02  Siege Tank, SCV  
  84  11:04  Barracks  
  84  11:10  Marine x6  
  90  11:14  SCV  
  91  11:26  SCV  
  91  11:27  Marine  
  91  11:28  Marine x2  
  91  11:32  Marine x2  
  95  11:33  Marine  
  100  11:45  Marine x2  
  100  11:46  Marine  
  101  11:50  Marine x2  
  101  11:51  Marine  
  104  12:03  Marine x3  
  104  12:08  Marine x3  
  107  12:09  Marine x2  
  110  12:21  Marine x3  
  113  12:26  Marine x3  
  113  12:27  Marine x2  
  118  12:32  Hellion  
  120  12:39  Marine x3  
  120  12:44  Marine x3  
  123  12:45  Marine x2  
  124  12:54  Hellion  
  124  12:57  Marine x3  
  125  13:01  Marine  
  125  13:02  Marine  
Show
View Real Time Build Order
Export as new Build Order

Jimmy Protoss - Winner!

Build Orders: Double Forge 

Get SALT Encoding   

  12  0:00  Probe  
  13  0:12  Probe  
  14  0:24  Pylon, Probe  
  15  0:42  Probe  
  16  0:44  Gateway  
  16  0:54  Probe  
  16  0:57  Assimilator  
  17  0:59  Assimilator  
  17  1:06  Probe  
  18  1:17  Pylon  
  18  1:18  Probe  
  19  1:30  Probe  
  20  1:36  Cybernetics Core  
  20  1:43  Probe  
  21  1:53  Nexus  
  21  2:03  Probe  
  22  2:15  Probe (Chrono Boost)  
  25  2:21  Twilight Council  
  23  2:27  Probe (Chrono Boost)  
  24  2:32  Warp Gate  
  24  2:35  Probe (Chrono Boost)  
  25  2:40  Shield Battery  
  25  2:42  Probe, Stalker  
  28  2:54  Probe, Pylon  
  29  2:58  Charge  
  29  3:06  Probe x2 (Chrono Boost)  
  31  3:16  Robotics Facility  
  31  3:17  Probe x2 (Chrono Boost)  
  33  3:24  Pylon  
  33  3:25  Probe (Chrono Boost)  
  33  3:26  Probe (Chrono Boost)  
  35  3:36  Probe x2 (Chrono Boost)  
  35  3:40  Probe (Chrono Boost)  
  37  3:41  Probe (Chrono Boost)  
  37  3:45  Forge  
  39  3:51  Probe  
  39  3:52  Probe, Forge  
  41  4:02  Gateway  
  41  4:03  Gateway  
  41  4:10  Warp Prism  
  43  4:22  Shield Battery  
  43  4:23  Protoss Ground Armor Level 1 (Chrono Boost), Protoss Ground Weapons Level 1 (Chrono Boost)  
  43  4:24  Gateway  
  43  4:32  Gateway  
  43  4:48  Shield Battery  
  43  4:52  Shield Battery  
  43  5:01  Gateway  
  43  5:05  Gateway  
  43  5:07  Gateway  
  43  5:10  Probe x2  
  43  5:11  Assimilator  
  45  5:15  Pylon  
  45  5:16  Assimilator  
  45  5:17  Pylon  
  45  5:22  Probe x2  
  47  5:29  Pylon  
  47  5:32  Pylon  
  47  5:34  Probe x2  
  49  5:55  Zealot x5  
  59  6:05  Zealot  
  59  6:06  Zealot x2  
  64  6:15  Zealot x5  
  72  6:31  Zealot x3  
  76  6:44  Zealot x5  
  76  6:45  Protoss Ground Weapons Level 2 (Chrono Boost), Protoss Ground Armor Level 2 (Chrono Boost)  
  80  6:59  Templar Archives  
  80  7:01  Probe x2  
  58  7:16  Zealot x7  
  58  7:17  Zealot  
  74  7:31  Pylon  
  74  7:34  Pylon  
  72  7:37  Pylon  
  58  7:50  Blink  
  58  7:53  Observer  
  59  7:59  High Templar x8  
  59  8:03  Archon x3  
  59  8:04  Archon  
  75  8:15  Observer  
  75  8:16  Psionic Storm  
  76  8:33  Zealot  
  76  8:34  Zealot x7  
  84  9:16  Zealot x8  
  70  9:49  Zealot x6  
  70  9:50  Zealot x2  
  78  10:05  Protoss Ground Weapons Level 3 (Chrono Boost), Protoss Ground Armor Level 3 (Chrono Boost)  
  70  10:23  Dark Shrine  
  70  10:45  High Templar  
  70  10:46  High Templar x6  
  70  10:49  Zealot  
  86  10:50  Archon x2  
  86  10:51  Archon  
  82  11:13  Zealot  
  84  11:22  Zealot x3  
  84  11:23  Zealot x4  
  98  11:30  Nexus  
  98  11:37  Zealot  
  100  11:41  Nexus  
  100  11:42  Zealot  
  100  11:43  Zealot x4  
  110  12:18  Pylon  
  110  12:28  Pylon  
  110  12:40  Assimilator  
  110  12:46  Assimilator  
  110  12:48  Protoss Shields Level 1  
  110  12:54  Probe x2  
  110  12:55  Probe x2  
  114  12:58  Photon Cannon  
  114  12:59  Assimilator  
  114  13:00  Shield Battery  
  114  13:02  Assimilator  
  114  13:03  Zealot x3  
  114  13:05  High Templar  
  122  13:06  Probe  
  122  13:07  Probe x3  
  126  13:14  High Templar  
  126  13:15  High Templar x3  
  126  13:18  Probe  
  126  13:19  Probe x3  
  123  13:30  Probe, High Templar x2  
  123  13:31  High Templar, Probe x2  
  130  13:39  Probe  
  131  13:42  Probe  
  131  13:43  Probe  
  133  13:51  Cybernetics Core  
  133  13:52  Stargate  
  133  13:53  Stargate  
  133  13:54  Stargate  
  133  13:59  Stargate  
Tags
 
Add a new tag
Caveats
  • Supply blocks, unpowered buildings, or Contaminate may cause inaccurate times.
  • Supply counts are checked every 10 seconds.